 Dungeon Crawl Stone Soup version 0.30-a0-757-ga6a79fd877 (webtiles) character file.

Game seed: 9701643639782510762

42 avis the Shooter (level 3, -1/30 HPs)
             Began as a Demigod Hunter on Feb 10, 2023.
             Slain by a gnoll
             ... wielding a +0 spear
              (6 damage)
             ... on level 2 of the Dungeon.
             The game lasted 00:05:27 (746 turns).

avis the Shooter (Demigod Hunter)                    Turns: 746, Time: 00:05:28

Health: -1/30      AC:  3    Str: 12    XL:     3   Next: 19%
Magic:  5/5        EV: 12    Int: 11    God:
Gold:   48         SH:  0    Dex: 21    Spells: 2/2 levels left

rFire   . . .      SeeInvis .    a - +0 shortbow
rCold   . . .      Faith    .    (shield currently unavailable)
rNeg    . . .      Spirit   .    c - +0 leather armour
rPois   .          Reflect  .    (no helmet)
rElec   .          Harm     .    (no cloak)
rCorr   .          Rampage  .    (no gloves)
Will    .....                    (no boots)
Stlth   ++                       (no amulet)
HPRegen 0.25/turn                (no ring)
MPRegen 0.09/turn                (no ring)

@: no status effects
A: high MP 1, forlorn, divine attributes
a: no special abilities


You were on level 2 of the Dungeon.
You visited 1 branch of the dungeon, and saw 2 of its levels.

You collected 48 gold pieces.

Inventory:

Hand Weapons
 a - a +0 shortbow (weapon)
Armour
 c - a +0 leather armour (worn)
Scrolls
 b - a scroll of immolation
 i - a scroll of fog {unknown}
 j - a scroll of poison {unknown}
 k - a scroll of brand weapon {unknown}
 l - a scroll of teleportation {unknown}
 o - a scroll of amnesia {unknown}
 p - a scroll of acquirement {unknown}
Potions
 d - 2 potions of berserk rage {unknown}
 e - a potion of attraction {unknown}
 f - 2 potions of mutation {unknown}
 g - a potion of ambrosia {unknown}
 h - 3 potions of heal wounds {unknown}
 m - a potion of might {unknown}
 n - a potion of flight {unknown}
 q - a potion of curing {unknown}


   Skills:
 * Level 2.9 Fighting
 - Level 4.0 Ranged Weapons
 - Level 2.0 Dodging
 - Level 1.0 Stealth


You had 2 spell levels left.
You didn't know any spells.
Your spell library was empty.

Dungeon Overview and Level Annotations

Branches:
Dungeon (2/15)


Innate Abilities, Weirdness & Mutations

You have an increased reservoir of magic. (+10% MP)
You shall have no god before yourself.
Your divine heritage dramatically boosts your attributes as you level up.


Message History

The gnoll shouts!
A gnoll comes into view. It is wielding a +0 whip.
Fire: a) +0 shortbow
Press: ? - help, Q - select action Shift-Dir - straight line, f - gnoll
Aim: a gnoll, wielding a +0 spear (66% to hit)
You shoot an arrow. The arrow barely misses the gnoll.
You hear a shout! x2
A gnoll comes into view. It is wielding a +0 spear.
Fire: a) +0 shortbow
Press: ? - help, Q - select action Shift-Dir - straight line, f/p - gnoll
Aim: a gnoll, wielding a +0 spear (66% to hit)
You shoot an arrow. The arrow hits the gnoll!
The gnoll is severely wounded.
The gnoll barely misses you.
Fire: a) +0 shortbow
Press: ? - help, Q - select action Shift-Dir - straight line, f/p - gnoll
Aim: a gnoll, wielding a +0 spear (severely wounded, 66% to hit)
You shoot an arrow.
The arrow hits the gnoll but does no damage.
The gnoll is severely wounded.
You hear a shout!
A bat comes into view.
The gnoll hits you from afar with a +0 spear!
The bat moves out of view.
Fire: a) +0 shortbow
Press: ? - help, Q - select action Shift-Dir - straight line, f/p - gnoll
Aim: a gnoll, wielding a +0 spear (severely wounded, 66% to hit)
You shoot an arrow. The arrow hits the gnoll.
You kill the gnoll!
A kobold comes into view. It is wielding a +0 dagger.
The gnoll hits you with a +0 whip.
You have reached level 3!
Your experience leads to a dramatic increase in your attributes!
Increase (S)trength, (I)ntelligence, or (D)exterity?
You feel agile. x4
The kobold attacks as you move away! The kobold closely misses you.
The gnoll hits you with a +0 spear. The gnoll hits you with a +0 whip!
* * * LOW HITPOINT WARNING * * *
The gnoll attacks as you move away! The gnoll hits you with a +0 spear.
You die...

#.#.# # #.#.#
#.#.#.#
#.#.#.#
#.....#
###.### #.# #
#.####.#
..###.@K...#
......gg...>#
.#####.###.##
#..# # ...##
##.. #.# ..


You could see 2 gnolls and a kobold.

Vanquished Creatures
  A gnoll (D:2)
  2 dart slugs
  7 endoplasms (D:1)
  2 giant cockroaches
  A goblin (D:1)
  3 quokkas (D:1)
  2 ball pythons (D:1)
  3 bats (D:1)
  2 frilled lizards (D:1)
  3 rats (D:1)
26 creatures vanquished.

Notes
Turn   | Place    | Note
-------+----------+-------------------------------------------
     0 | D:1      | avis the Demigod Hunter began the quest for the Orb.
     0 | D:1      | Reached XP level 1. HP: 17/17 MP: 3/3
   253 | D:1      | Reached skill level 4 in Ranged Weapons
   274 | D:1      | Reached XP level 2. HP: 24/24 MP: 4/4
   304 | D:1      | Reached skill level 1 in Stealth
   745 | D:2      | Reached XP level 3. HP: 16/30 MP: 5/5
   746 | D:2      | Slain by a gnoll

Illustrated notes

Levels and vault maps discovered:
D:1:      elethiomel_arrival_quiet, layout_rooms,
          dreamdust_ecumenical_altar_statues
D:2:      layout_basic

Skill      XL: |  1  2 |
---------------+-------+-----
Fighting       | 2 |  2.9
Ranged Weapons | 4 |  4.0
Dodging        | 2 |  2.0
Stealth        | 1 |  1.0

Action                     || total
---------------------------++-------
   Fire: Shortbow          ||    86
 Armour: Leather armour    ||     7
  Dodge: Dodged            ||    26

Table legend: (Time is in decaauts)
 A = Elapsed time spent in this place.
 B = Non-inter-level travel time spent in this place.
 C = Inter-level travel time spent in this place.
 D = Time resting spent in this place.
 E = Time spent auto-exploring this place.
 F = Levels seen in this place.
 G = Mean time per level.
                   A        B        C        D        E       F      G
               +--------+--------+--------+--------+--------+-----+--------+
         Total |    775 |    657 |    118 |     56 |    361 |   2 |  387.5 |
       Dungeon |    775 |    657 |    118 |     56 |    361 |   2 |  387.5 |
               +--------+--------+--------+--------+--------+-----+--------+

Top non-repeatable levels by time:
     D:1: 727 daAuts
     D:2: 48 daAuts
